[ AOE2 MATCH · #507017300 ]
UnrankedCelts vs Spanish
Player's team · LOSS
Rival team · WIN
[ REPLAY ANALYSIS · EXTRACTED FROM THE RECORDED GAME ]
Feudal
9:20
Castle
22:34
Imperial
—
| APM avg | 53.9 |
| APM peak | 110 |
| eAPM avg | 24.0 |
| Villagers / military | 118 / 74 |
Focus
⚔️ 35.9% · 🌾 64.1%
Skirmisher ×29 · Woad Raider ×23 · Battering Ram ×8 · Spearman ×6 · Mangonel ×4 · Militia ×3
Feudal
8:51
Castle
20:56
Imperial
35:25
| APM avg | 53.1 |
| APM peak | 80 |
| eAPM avg | 28.5 |
| Villagers / military | 124 / 38 |
Focus
⚔️ 36.4% · 🌾 63.6%
Skirmisher ×19 · Archer ×6 · Missionary ×5 · Conquistador ×5 · Mangonel ×3
Match map
Initial resources + every placement click. Lines = walls · curves = elevation contours. ◆ gold · ⬟ stone · ● berries · ✦ relic · ◌ wall gap
Your base· Open — unwalled flank
Andre_2i's base· Open — unwalled flank
Smoothed initial terrain · ◌ = detected wall gap · hover for details
Inputs per minute
— [ASYNC]GodsPrisoner - - Andre_2i
Build order — [ASYNC]GodsPrisoner
First 150 of 335 actions detected
| 0:00 | Queue | Villager (Male) |
| 0:02 | Build | House |
| 0:03 | Build | House |
| 0:12 | Queue | Villager (Male) |
| 0:12 | Queue | Villager (Male) |
| 0:12 | Queue | Villager (Male) |
| 1:26 | Queue | Villager (Male) |
| 1:50 | Build | Lumber Camp |
| 1:57 | Queue | Villager (Male) |
| 2:19 | Queue | Villager (Male) |
| 2:43 | Queue | Villager (Male) |
| 3:08 | Queue | Villager (Male) |
| 3:20 | Build | Mill |
| 3:28 | Queue | Villager (Male) |
| 3:46 | Build | House |
| 4:03 | Queue | Villager (Male) |
| 4:04 | Queue | Villager (Male) |
| 4:30 | Queue | Villager (Male) |
| 4:49 | Queue | Villager (Male) |
| 5:12 | Queue | Villager (Male) |
| 5:52 | Queue | Villager (Male) |
| 5:57 | Build | Barracks |
| 6:31 | Research | Loom |
| 7:00 | Build | Mining Camp |
| 7:10 | Research | Feudal Age |
| 7:14 | Build | House |
| 7:31 | Queue | Militia |
| 7:35 | Build | House |
| 7:41 | Build | House |
| 7:43 | Build | House |
| 7:50 | Queue | Militia |
| 8:15 | Queue | Militia |
| 8:31 | Build | Mill |
| 8:54 | Queue | Villager (Male) |
| 9:12 | Queue | Villager (Male) |
| 9:20 | Age | Feudal Age |
| 9:22 | Queue | Villager (Male) |
| 9:26 | Queue | Villager (Male) |
| 9:41 | Build | Archery Range |
| 9:53 | Research | Man-at-Arms (upgrade) |
| 9:53 | Research | Man-at-Arms (upgrade) |
| 10:12 | Research | Double-Bit Axe |
| 10:29 | Queue | Skirmisher |
| 10:34 | Queue | Villager (Male) |
| 10:49 | Build | Farm |
| 10:58 | Queue | Villager (Male) |
| 11:01 | Queue | Archer |
| 11:04 | Build | Farm |
| 11:16 | Queue | Villager (Male) |
| 11:19 | Build | Farm |
| 11:27 | Build | Farm |
| 11:27 | Queue | Skirmisher |
| 11:37 | Build | Farm |
| 11:42 | Queue | Skirmisher |
| 11:45 | Build | House |
| 11:54 | Build | House |
| 12:00 | Queue | Villager (Male) |
| 12:09 | Queue | Skirmisher |
| 12:12 | Build | Farm |
| 12:26 | Build | Farm |
| 12:28 | Queue | Skirmisher |
| 12:43 | Build | Farm |
| 12:45 | Build | House |
| 12:46 | Queue | Villager (Male) |
| 12:59 | Queue | Villager (Male) |
| 13:08 | Build | Blacksmith |
| 13:17 | Queue | Skirmisher |
| 13:31 | Build | Palisade Wall |
| 13:32 | Build | Farm |
| 13:36 | Build | Farm |
| 13:37 | Queue | Villager (Male) |
| 13:47 | Build | Farm |
| 13:51 | Research | Fletching |
| 13:51 | Research | Fletching |
| 14:09 | Queue | Villager (Male) |
| 14:27 | Build | Farm |
| 14:30 | Build | Farm |
| 14:31 | Queue | Skirmisher |
| 14:36 | Queue | Villager (Male) |
| 14:46 | Queue | Villager (Male) |
| 14:53 | Build | Farm |
| 14:54 | Build | Farm |
| 14:58 | Research | Padded Archer Armor |
| 14:58 | Research | Padded Archer Armor |
| 15:17 | Queue | Villager (Male) |
| 15:31 | Queue | Villager (Male) |
| 15:46 | Queue | Skirmisher |
| 15:48 | Queue | Villager (Male) |
| 15:52 | Build | Farm |
| 16:03 | Queue | Spearman |
| 16:03 | Queue | Spearman |
| 16:14 | Build | Archery Range |
| 16:30 | Build | Farm |
| 16:31 | Queue | Skirmisher |
| 16:31 | Queue | Villager (Male) |
| 16:37 | Build | House |
| 16:40 | Queue | Spearman |
| 16:52 | Queue | Skirmisher |
| 16:52 | Queue | Villager (Male) |
| 16:55 | Build | House |
| 16:59 | Queue | Skirmisher |
| 17:00 | Queue | Skirmisher |
| 17:05 | Queue | Spearman |
| 17:12 | Build | Farm |
| 17:15 | Build | Farm |
| 17:16 | Queue | Villager (Male) |
| 17:30 | Build | Mining Camp |
| 17:35 | Queue | Skirmisher |
| 17:36 | Queue | Spearman |
| 17:44 | Queue | Villager (Male) |
| 17:50 | Build | Watch Tower |
| 17:54 | Build | House |
| 17:58 | Queue | Skirmisher |
| 17:58 | Queue | Skirmisher |
| 18:15 | Queue | Villager (Male) |
| 18:20 | Queue | Skirmisher |
| 18:23 | Build | Palisade Wall |
| 18:43 | Queue | Villager (Male) |
| 18:57 | Queue | Skirmisher |
| 18:58 | Queue | Skirmisher |
| 19:11 | Queue | Villager (Male) |
| 19:20 | Build | Watch Tower |
| 19:26 | Queue | Villager (Male) |
| 19:54 | Research | Castle Age |
| 19:55 | Queue | Skirmisher |
| 20:01 | Build | House |
| 20:19 | Queue | Villager (Male) |
| 20:21 | Queue | Villager (Male) |
| 20:23 | Build | Watch Tower |
| 20:26 | Queue | Skirmisher |
| 20:26 | Queue | Skirmisher |
| 20:30 | Queue | Skirmisher |
| 20:30 | Queue | Skirmisher |
| 20:58 | Queue | Skirmisher |
| 21:12 | Queue | Spearman |
| 21:19 | Build | House |
| 21:22 | Build | Palisade Wall |
| 21:34 | Build | Palisade Wall |
| 21:36 | Build | House |
| 21:45 | Build | Palisade Wall |
| 21:48 | Queue | Skirmisher |
| 21:48 | Queue | Skirmisher |
| 21:49 | Queue | Villager (Male) |
| 22:00 | Build | House |
| 22:34 | Age | Castle Age |
| 22:37 | Research | Bodkin Arrow |
| 22:39 | Queue | Villager (Male) |
| 22:55 | Research | Elite Skirmisher (upgrade) |
| 22:55 | Research | Elite Skirmisher (upgrade) |
| 22:55 | Queue | Villager (Male) |
Build order — Andre_2i
First 150 of 351 actions detected
| 0:00 | Queue | Villager (Male) |
| 0:01 | Build | House |
| 0:02 | Build | House |
| 0:07 | Queue | Villager (Male) |
| 0:17 | Queue | Villager (Male) |
| 0:19 | Queue | Villager (Male) |
| 1:11 | Queue | Villager (Male) |
| 1:53 | Queue | Villager (Male) |
| 1:56 | Build | Lumber Camp |
| 2:15 | Queue | Villager (Male) |
| 2:44 | Queue | Villager (Male) |
| 3:17 | Queue | Villager (Male) |
| 3:46 | Queue | Villager (Male) |
| 3:54 | Build | House |
| 4:01 | Queue | Villager (Male) |
| 4:15 | Build | Mill |
| 4:21 | Build | House |
| 4:34 | Queue | Villager (Male) |
| 4:46 | Build | Palisade Wall |
| 4:47 | Build | Palisade Wall |
| 4:55 | Build | Palisade Wall |
| 5:00 | Queue | Villager (Male) |
| 5:20 | Queue | Villager (Male) |
| 5:23 | Build | Palisade Wall |
| 5:25 | Build | Palisade Wall |
| 5:36 | Queue | Villager (Male) |
| 5:36 | Research | Loom |
| 6:39 | Research | Feudal Age |
| 7:26 | Queue | Villager (Male) |
| 7:39 | Build | Mining Camp |
| 7:46 | Build | Palisade Wall |
| 8:18 | Build | Barracks |
| 8:26 | Build | Palisade Wall |
| 8:42 | Build | Palisade Wall |
| 8:48 | Build | House |
| 8:50 | Build | House |
| 8:51 | Age | Feudal Age |
| 8:55 | Build | Stone Wall |
| 9:02 | Queue | Villager (Male) |
| 9:14 | Queue | Villager (Male) |
| 9:16 | Build | Archery Range |
| 9:27 | Queue | Villager (Male) |
| 9:39 | Build | House |
| 9:44 | Build | Palisade Wall |
| 9:53 | Queue | Archer |
| 10:06 | Queue | Archer |
| 10:09 | Build | Farm |
| 10:10 | Build | Farm |
| 10:13 | Queue | Villager (Male) |
| 10:33 | Queue | Villager (Male) |
| 10:37 | Build | House |
| 10:38 | Build | Palisade Wall |
| 10:39 | Build | Palisade Wall |
| 10:42 | Queue | Archer |
| 10:45 | Queue | Villager (Male) |
| 10:51 | Queue | Archer |
| 10:53 | Build | Palisade Wall |
| 11:03 | Build | Palisade Wall |
| 11:10 | Build | Farm |
| 11:20 | Build | Farm |
| 11:27 | Build | Palisade Wall |
| 11:33 | Queue | Villager (Male) |
| 11:48 | Queue | Archer |
| 12:05 | Queue | Villager (Male) |
| 12:11 | Build | Blacksmith |
| 12:13 | Queue | Skirmisher |
| 12:22 | Queue | Skirmisher |
| 12:25 | Queue | Villager (Male) |
| 12:27 | Build | Palisade Wall |
| 12:34 | Build | Farm |
| 12:36 | Queue | Skirmisher |
| 12:42 | Build | House |
| 12:48 | Build | House |
| 12:49 | Research | Fletching |
| 12:53 | Build | Palisade Wall |
| 13:02 | Build | Farm |
| 13:03 | Build | Farm |
| 13:05 | Queue | Villager (Male) |
| 13:20 | Build | Farm |
| 13:31 | Build | Palisade Wall |
| 13:32 | Build | Palisade Wall |
| 13:38 | Queue | Villager (Male) |
| 13:40 | Build | Farm |
| 13:43 | Queue | Archer |
| 13:44 | Queue | Villager (Male) |
| 13:45 | Build | Farm |
| 14:07 | Queue | Villager (Male) |
| 14:08 | Build | Farm |
| 14:13 | Queue | Skirmisher |
| 14:22 | Build | Farm |
| 14:32 | Queue | Skirmisher |
| 14:35 | Queue | Villager (Male) |
| 14:42 | Build | Farm |
| 14:45 | Queue | Skirmisher |
| 15:01 | Queue | Skirmisher |
| 15:03 | Queue | Villager (Male) |
| 15:11 | Build | Farm |
| 15:27 | Queue | Villager (Male) |
| 15:29 | Queue | Skirmisher |
| 15:32 | Queue | Skirmisher |
| 15:44 | Queue | Skirmisher |
| 15:47 | Queue | Villager (Male) ×4 |
| 16:04 | Queue | Skirmisher |
| 16:04 | Queue | Skirmisher |
| 16:07 | Research | Double-Bit Axe |
| 16:32 | Build | Market |
| 16:39 | Build | Outpost |
| 16:47 | Queue | Skirmisher |
| 16:48 | Queue | Villager (Male) |
| 17:12 | Build | House |
| 17:19 | Build | Farm |
| 17:37 | Build | Lumber Camp |
| 18:16 | Research | Castle Age |
| 18:16 | Research | Castle Age |
| 18:26 | Queue | Skirmisher |
| 18:33 | Queue | Skirmisher |
| 18:35 | Research | Horse Collar |
| 18:41 | Build | Watch Tower |
| 18:46 | Queue | Skirmisher |
| 18:56 | Build | Mining Camp |
| 19:20 | Queue | Skirmisher |
| 19:37 | Build | Watch Tower |
| 19:51 | Queue | Skirmisher |
| 20:05 | Build | House |
| 20:08 | Build | House |
| 20:23 | Queue | Skirmisher |
| 20:38 | Build | Farm |
| 20:39 | Build | House |
| 20:56 | Age | Castle Age |
| 21:07 | Queue | Villager (Male) |
| 21:08 | Research | Bodkin Arrow |
| 21:25 | Queue | Villager (Male) |
| 21:30 | Build | Farm |
| 21:49 | Queue | Villager (Male) |
| 21:56 | Build | Town Center |
| 22:07 | Queue | Villager (Male) |
| 22:28 | Queue | Villager (Male) |
| 22:41 | Queue | Villager (Male) |
| 22:42 | Build | House |
| 22:44 | Build | Palisade Gate |
| 22:46 | Build | House |
| 22:46 | Build | Farm |
| 22:47 | Build | Farm |
| 23:00 | Queue | Villager (Male) |
| 23:04 | Queue | Villager (Male) |
| 23:08 | Build | Monastery |
| 23:26 | Build | House |
| 23:32 | Build | Farm |
| 23:33 | Build | Farm |
| 23:34 | Queue | Villager (Male) |
Match timeline
| 4:46 | Andre_2i · wall_segment Palisade Wall x4 |
| 4:47 | Andre_2i · wall_segment Palisade Wall x8 |
| 4:55 | Andre_2i · wall_segment Palisade Wall x10 |
| 5:23 | Andre_2i · wall_segment Palisade Wall x6 |
| 5:25 | Andre_2i · wall_segment Palisade Wall x1 |
| 5:57 | [ASYNC]GodsPrisoner · first_building Barracks |
| 7:46 | Andre_2i · wall_segment Palisade Wall x7 |
| 8:18 | Andre_2i · first_building Barracks |
| 8:26 | Andre_2i · wall_segment Palisade Wall x11 |
| 8:42 | Andre_2i · wall_segment Palisade Wall x2 |
| 8:51 | Andre_2i · age_up feudal |
| 8:55 | Andre_2i · wall_segment Stone Wall x8 |
| 9:16 | Andre_2i · first_building Archery Range |
| 9:20 | [ASYNC]GodsPrisoner · age_up feudal |
| 9:41 | [ASYNC]GodsPrisoner · first_building Archery Range |
| 9:44 | Andre_2i · wall_segment Palisade Wall x3 |
| 10:38 | Andre_2i · wall_segment Palisade Wall x1 |
| 10:39 | Andre_2i · wall_segment Palisade Wall x1 |
| 10:53 | Andre_2i · wall_segment Palisade Wall x5 |
| 11:03 | Andre_2i · wall_segment Palisade Wall x1 |
| 11:27 | Andre_2i · wall_segment Palisade Wall x1 |
| 12:27 | Andre_2i · wall_segment Palisade Wall x1 |
| 12:53 | Andre_2i · wall_segment Palisade Wall x1 |
| 13:31 | [ASYNC]GodsPrisoner · wall_segment Palisade Wall x12 |
| 13:31 | Andre_2i · wall_segment Palisade Wall x1 |
| 13:32 | Andre_2i · wall_segment Palisade Wall x1 |
| 17:22 | Andre_2i · first_market_buy 100 food |
| 18:23 | [ASYNC]GodsPrisoner · wall_segment Palisade Wall x14 |
| 19:35 | Andre_2i · first_market_sell 100 wood |
| 20:56 | Andre_2i · age_up castle |
| 21:22 | [ASYNC]GodsPrisoner · wall_segment Palisade Wall x1 |
| 21:34 | [ASYNC]GodsPrisoner · wall_segment Palisade Wall x1 |
| 21:45 | [ASYNC]GodsPrisoner · wall_segment Palisade Wall x13 |
| 22:34 | [ASYNC]GodsPrisoner · age_up castle |
| 23:08 | Andre_2i · first_building Monastery |
| 23:35 | [ASYNC]GodsPrisoner · first_building Siege Workshop |
| 24:18 | Andre_2i · first_building Siege Workshop |
| 28:50 | Andre_2i · wall_segment Palisade Wall x1 |
| 30:33 | [ASYNC]GodsPrisoner · first_building Castle |
| 32:09 | Andre_2i · first_building Castle |
| 35:08 | [ASYNC]GodsPrisoner · first_market_sell 100 wood |
| 35:25 | Andre_2i · age_up imperial |
| 35:33 | Andre_2i · wall_segment Palisade Wall x1 |
| 35:34 | Andre_2i · wall_segment Palisade Wall x1 |
| 35:35 | Andre_2i · wall_segment Palisade Wall x1 |
| 35:37 | Andre_2i · wall_segment Palisade Wall x1 |
| 35:53 | Andre_2i · wall_segment Palisade Wall x1 |
| 36:17 | Andre_2i · wall_segment Stone Wall x1 |
| 36:52 | [ASYNC]GodsPrisoner · resign |
[ AI ANALYSIS · 1 CREDIT ]
What really happened in this match?
Wolo.gg analyzes every decision: build order, eco, micro, common mistakes by bracket. Personalized analysis on WhatsApp or Discord in 30 seconds.
Civ guide
Celts
Perfil
[ASYNC]GodsPrisoner